 Dungeon Crawl Stone Soup version 0.23.2-1-ga50397a (webtiles) character file.

Game seed: 1267638210985883825

55 MalarOregon the Charmwright (level 3, -3/28 HPs)
             Began as a Merfolk Skald on May 14, 2019.
             Slain by a gnoll
             ... wielding a +0 flail
              (9 damage)
             ... on level 2 of the Dungeon.
             The game lasted 00:01:41 (791 turns).

MalarOregon the Charmwright (Merfolk Skald)          Turns: 791, Time: 00:01:42

Health: -3/28      AC:  3    Str: 12    XL:     3   Next: 93%
Magic:  6/6        EV: 13    Int: 12    God:
Gold:   35         SH:  0    Dex: 13    Spells: 0/6 levels left

rFire    . . .     SeeInvis .   a - +0 spear
rCold    . . .     Gourm    .   (no shield)
rNeg     . . .     Faith    .   b - +0 leather armour
rPois    .         Spirit   .   (no helmet)
rElec    .         Reflect  .   (no cloak)
rCorr    .         Harm     .   (no gloves)
MR       .....                  (no boots)
Stlth    +.........             (no amulet)
HPRegen  0.09/turn              (no ring)
MPRegen  0.10/turn              (no ring)

@: flying
A: change form in water, swift swim, stealthy swim
a: no special abilities


You were on level 2 of the Dungeon.
You were not hungry.

You visited 1 branch of the dungeon, and saw 2 of its levels.

You collected 35 gold pieces.

Inventory:

Hand Weapons
 a - a +0 spear (weapon)
Armour
 b - a +0 leather armour (worn)
Potions
 d - a potion of heal wounds {unknown}
 f - a potion of flight
 g - a potion of haste {unknown}
 h - a potion of mutation {unknown}
Comestibles
 c - 7 chunks of flesh
 e - 2 rations {!d}


   Skills:
 + Level 2.7 Fighting
 + Level 3.5 Polearms
 + Level 1.2 Armour
 + Level 3.3 Dodging
 + Level 2.3 Spellcasting
 + Level 3.6 Charms


You couldn't memorise any spells.
You knew the following spells:

 Your Spells              Type           Power        Failure   Level  Hunger
e - Regeneration          Chrm/Necr      #.........   43%         3    ####...
t - Spectral Weapon       Hex/Chrm       #.......     43%         3    ####...

Your spell library contained the following spells:

 Spells                   Type           Power        Failure   Level  Hunger
 Infusion                 Chrm           ##..         8%          1    ##.....
 Song of Slaying          Chrm           ##......     12%         2    ###....
 Shroud of Golubria       Chrm/Tloc      #.........   24%         2    ###....


Dungeon Overview and Level Annotations

Branches:
Dungeon (2/15)

Altars:


Message History

A leopard gecko comes into view.
The leopard gecko hisses angrily.
The leopard gecko hisses menacingly.
A leopard gecko is nearby!
A leopard gecko is nearby!
A leopard gecko is nearby!
Attack whom?
Aim: a leopard gecko (clinging)
You reach to attack!
You closely miss the leopard gecko. You closely miss the leopard gecko.
The leopard gecko bites you but does no damage.
The leopard gecko bites you.
You miss the leopard gecko.
The leopard gecko bites you but does no damage.
You barely miss the leopard gecko. The leopard gecko closely misses you.
You hit the leopard gecko. The leopard gecko closely misses you.
You barely miss the leopard gecko. The leopard gecko bites you.
You barely miss the leopard gecko. The leopard gecko closely misses you.
You hit the leopard gecko.
You kill the leopard gecko!
No target in view!
No target in view!
No target in view!
No target in view!
No target in view!
Found a stone staircase leading down.
Found a ration and a smoky red potion.
A gnoll comes into view. It is wielding a +0 flail.
The gnoll shouts!
Found a short sword.
You start resting.
The gnoll is too close now for your liking.
Attack whom?
Aim: a gnoll, wielding a +0 flail You reach to attack!
You barely miss the gnoll. You hit the gnoll. The gnoll closely misses you.
You barely miss the gnoll. The gnoll hits you with a +0 flail!
* * * LOW HITPOINT WARNING * * *
You hit the gnoll but do no damage. You hit the gnoll. The gnoll misses you.
You hit the gnoll. The gnoll hits you with a +0 flail.
* * * LOW HITPOINT WARNING * * *
A dart slug comes into view.
The dart slug launches a dart at you. The slug dart misses you.
You aren't carrying any scrolls.
It was a potion of flight.
You feel very buoyant.
You fly up into the air.
The gnoll hits you with a +0 flail!
You die...

##..).... #
#.......g #!
#....... #..
#...... #..#.....
#%..... #####...#
### ...# #.##
#@######.###..####
#.g...............
####..##.######.##
#8..8### #..#
#.....#### ##..
##..###..####...
.w.. ##.#....##
##..###....#####
.... ##........


You could see a gnoll.

Vanquished Creatures
  An adder (D:2)
  An ooze (D:1)
  A dart slug (D:1)
  2 leopard geckos
  8 bats
  A giant cockroach (D:1)
  7 goblins (D:1)
  2 hobgoblins
  4 jackals (D:1)
  2 ball pythons
  5 kobolds
  2 rats (D:1)
36 creatures vanquished.

Notes
Turn   | Place    | Note
-------+----------+-------------------------------------------
     0 | D:1      | MalarOregon the Merfolk Skald began the quest for the Orb.
     0 | D:1      | Reached XP level 1. HP: 16/16 MP: 3/3
    38 | D:1      | Reached XP level 2. HP: 19/22 MP: 5/5
   100 | D:1      | Reached skill level 1 in Armour
   165 | D:1      | Reached XP level 3. HP: 20/28 MP: 6/6
   410 | D:1      | Learned a level 3 spell: Regeneration
   414 | D:1      | Learned a level 3 spell: Spectral Weapon
   791 | D:2      | Slain by a gnoll

Skill      XL: |  1  2 |
---------------+-------+-----
Armour         | 1 |  1.2
Dodging        | 3 |  3.3
Fighting       | |  2.7
Polearms       | |  3.5
Spellcasting   | |  2.3
Charms         | |  3.6

Action                   || total
-------------------------++-------
Melee: Spear             ||   127
  Use: Scroll            ||     4
       Potion            ||     1
Armor: Leather armour    ||    22
Dodge: Dodged            ||    80
